 Dungeon Crawl Stone Soup version 0.31.0-1-g2c135a0 (webtiles) character file.

Game seed: 6981792773458900560

2257932 IAmTheZeppo the Conqueror (level 25, 205/205 HPs)
             Began as a Minotaur Fighter on Jan 30, 2024.
             Was the Champion of Jiyva.
             Escaped with the Orb
             ... and 3 runes
             ... and 2 gems on Jan 31, 2024!
             The game lasted 03:24:46 (46193 turns).

IAmTheZeppo the Conqueror (Minotaur Fighter)       Turns: 46193, Time: 03:24:47

Health: 205/205    AC: 42    Str: 38    XL:     25   Next: 91%
Magic:  19/19      EV: 18    Int:  2    God:    Jiyva [******]
Gold:   3451       SH: 34    Dex: 18    Spells: 24/24 levels left

rFire   + + .        a - +3 morningstar (holy)
rCold   + + +        r - +8 tower shield of the Ward {Rampage rElec Dex+4}
rNeg    + + +        s - +8 gold dragon scales
rPois   +            n - +2 hat
rElec   +            X - +2 cloak
rCorr   +            t - +1 pair of gloves of the Mackerel {rC+ Dex+2}
SInv    .            (boots unavailable)
Will    ++...        w - amulet "Lysi" {Spirit rElec Regen+ Str+6} Stlth
                     C - ring of flight
HPRegen 2.94/turn    x - ring of Ceahet {^Drain rC+ rN+++ Will+}
MPRegen 0.96/turn

%: random rage (3%), guardian spirit, rampage
@: flying
A: horns 2, retaliatory headbutt, talons 3, iridescent scales 3, berserk 1, cold
resistance 2, deformed body, deterioration 1, dopey 2, fire resistance 1, frail
2, low MP 1, strong 1, gelatinous body 3, evolution 1, subdued magic 1,
inability to drink after injury 1, inability to read after injury 1
0: Orb of Zot
}: 3/15 runes: barnacled, slimy, gossamer
a: Renounce Religion, Oozemancy, Slimify


You escaped.
You worshipped Jiyva.
Jiyva was exalted by your worship.
You visited 12 branches of the dungeon, and saw 55 of its levels.
You also visited: Sewer.

You collected 5505 gold pieces.
You spent 2054 gold pieces at shops.

Inventory:

Hand Weapons
 a - a +3 morningstar of holy wrath (weapon)
 b - a +9 broad axe of electrocution
 j - the +3 demon whip of Descent {flame, rC+ Str+3}
   (You found it on level 3 of the Depths)

   Str+3:     It affects your strength (+3).
   rC+:       It protects you from cold.
 B - the +5 mace of Imbalance {antimagic, Str+2 Int+3 SInv Stlth+}
   (You found it on level 5 of the Pits of Slime)

   Str+2:     It affects your strength (+2).
   Int+3:     It affects your intelligence (+3).
   SInv:      It lets you see invisible.
   Stlth+:    It makes you more stealthy.
 F - the +7 orcbow of Keokaom {freeze, rElec Dex+2}
   (You found it on level 5 of the Pits of Slime)

   Dex+2:     It affects your dexterity (+2).
   rElec:     It insulates you from electricity.
Missiles
 i - a throwing net
 l - 4 curare-tipped darts
 o - 53 boomerangs (quivered)
 u - 7 javelins
 z - 18 poisoned darts
 D - 2 atropa-tipped darts
 Z - 10 silver javelins
Armour
 c - the +8 plate armour of the End {Regen+ Str+3 Dex+2}
   (You found it on level 2 of the Realm of Zot)

   Str+3:     It affects your strength (+3).
   Dex+2:     It affects your dexterity (+2).
   Regen+:    It increases your rate of health regeneration.
 n - a +2 hat (worn)
 q - a +10 plate armour of poison resistance
 r - the +8 tower shield of the Ward (worn) {Rampage rElec Dex+4}
   (You took it off Louise on level 14 of the Dungeon)

   Dex+4:     It affects your dexterity (+4).
   rElec:     It insulates you from electricity.
   Rampage:   It bestows one free step when moving towards enemies.
 s - +8 gold dragon scales (worn)
 t - the +1 pair of gloves of the Mackerel (worn) {rC+ Dex+2}
   (You bought it in a shop on level 2 of the Orcish Mines)

   Dex+2:     It affects your dexterity (+2).
   rC+:       It protects you from cold.
 L - a +0 pair of boots
 X - a +2 cloak (worn)
Jewellery
 w - the amulet "Lysi" (around neck) {Spirit rElec Regen+ Str+6}
   (You took it off an orc priest on level 4 of the Dungeon)

   [amulet of guardian spirit]

   Spirit:    It causes incoming damage to be divided between your reserves of
   health and magic.
   Str+6:     It affects your strength (+6).
   rElec:     It insulates you from electricity.
   Regen+:    It increases your rate of health regeneration.
 x - the ring of Ceahet (right hand) {^Drain rC+ rN+++ Will+}
   (You found it on level 5 of the Pits of Slime)

   [ring of willpower]

   rC+:       It protects you from cold.
   rN+++:     It renders you almost immune to negative energy.
   Will+:     It increases your willpower.
   ^Drain:    It drains your maximum health when unequipped.
 A - a +4 ring of protection
 C - a ring of flight (left hand)
 E - a ring of protection from cold
Wands
 h - a wand of acid (12)
 p - a wand of iceblast (22)
 G - a wand of flame (110)
 I - a wand of mindburst (31)
 Y - a wand of digging (12)
Scrolls
 g - 3 scrolls of blinking
 v - 14 scrolls of teleportation
 M - a scroll of revelation
 T - 5 scrolls of immolation
Potions
 d - 7 potions of might
 k - 5 potions of haste
 m - 6 potions of resistance
 N - 13 potions of curing
 O - 2 potions of cancellation
 S - 3 potions of lignification
 U - 7 potions of heal wounds
Miscellaneous
 e - a condenser vane
 f - a phial of floods
 y - a sack of spiders
 K - a lightning rod (4/4)
 V - a phantom mirror


   Skills:
 O Level 27 Fighting
 + Level 23.9(24.7) Axes
 + Level 11.3(19.0) Maces & Flails
 + Level 19.0 Armour
 + Level 13.5 Dodging
 + Level 4.3 Stealth
 O Level 27 Shields
 + Level 0.4 Unarmed Combat
 + Level 13.8 Evocations
 * Level 11.6 Shapeshifting


You had 24 spell levels left.
You didn't know any spells.
Your spell library contained the following spells:

 Spells                   Type           Power      Damage    Failure   Level
 Freeze                   Ice            0%         1d3       99%         1
 Magic Dart               Conj           0%         1d3       99%         1
 Necrotise                Necr           0%         1d4       99%         1
 Sandblast                Erth           0%         2d4       99%         1
 Sting                    Conj/Alch      0%         1d3       99%         1
 Summon Small Mammal      Summ           0%         N/A       99%         1
 Blink                    Tloc           0%         N/A       99%         2
 Call Imp                 Summ           0%         N/A       99%         2
 Cigotuvi's Dreadful Rot  Necr/Alch/Air  0%         N/A       99%         2
 Lesser Beckoning         Tloc           0%         N/A       99%         2
 Mercury Vapours          Alch/Air       0%         N/A       99%         2
 Scorch                   Fire           0%         2d5       99%         2
 Call Canine Familiar     Summ           0%         N/A       100%        3
 Dazzling Flash           Conj/Hex       0%         N/A       100%        3
 Frozen Ramparts          Ice            0%         1d1       100%        3
 Fugue of the Fallen      Necr           0%         N/A       100%        3
 Gell's Gravitas          Tloc           0%         N/A       100%        3
 Hailstorm                Conj/Ice       0%         3d5       100%        3
 Inner Flame              Hex/Fire       0%         N/A       100%        3
 Mephitic Cloud           Conj/Alch/Air  0%         N/A       100%        3
 Passwall                 Erth           0%         N/A       100%        3
 Stone Arrow              Conj/Erth      0%         3d7       100%        3
 Teleport Other           Tloc           0%         N/A       100%        3
 Tukima's Dance           Hex            0%         N/A       100%        3
 Vampiric Draining        Necr           0%         2d6       100%        3
 Volatile Blastmotes      Fire/Tloc      0%         2d10      100%        3
 Animate Dead             Necr           0%         N/A       100%        4
 Brom's Barrelling Bould  Conj/Erth      0%         2d3       100%        4
 Dimensional Bullseye     Hex/Tloc       0%         N/A       100%        4
 Flame Wave               Conj/Fire      0%         2d4       100%        4
 Fulminant Prism          Conj/Alch      0%         3d5       100%        4
 Ignite Poison            Fire/Alch      0%         N/A       100%        4
 Iskenderun's Mystic Bla  Conj/Tloc      0%         2d3       100%        4
 Leda's Liquefaction      Alch/Erth      0%         N/A       100%        4
 Manifold Assault         Tloc           0%         N/A       100%        4
 Martyr's Knell           Necr/Summ      0%         N/A       100%        4
 Olgreb's Toxic Radiance  Alch           0%         N/A       100%        4
 Petrify                  Alch/Erth      0%         N/A       100%        4
 Sticky Flame             Fire/Alch      0%         2d4       100%        4
 Summon Blazeheart Golem  Fire/Summ      0%         N/A       100%        4
 Alistair's Intoxication  Alch           0%         N/A       100%        5
 Borgnjor's Vile Clutch   Necr/Erth      0%         N/A       100%        5
 Curse of Agony           Necr           0%         N/A       100%        5
 Fireball                 Conj/Fire      0%         3d3       100%        5
 Freezing Cloud           Conj/Ice/Air   0%         6-21      100%        5
 Irradiate                Conj/Alch      0%         3d11      100%        5
 Iskenderun's Battlesphe  Conj           0%         2d6       100%        5
 Lee's Rapid Deconstruct  Erth           0%         3d4*      100%        5
 Silence                  Hex/Air        0%         N/A       100%        5
 Summon Forest            Summ/Tloc      0%         N/A       100%        5
 Summon Mana Viper        Hex/Summ       0%         N/A       100%        5
 Bombard                  Conj/Erth      0%         9d1       100%        6
 Conjure Ball Lightning   Conj/Air       0%         3x3d6     100%        6
 Death Channel            Necr           0%         N/A       100%        6
 Dispersal                Tloc           0%         N/A       100%        6
 Eringya's Noxious Bog    Alch           0%         4d6       100%        6
 Summon Cactus Giant      Summ           0%         N/A       100%        6
 Malign Gateway           Summ/Tloc      0%         N/A       100%        7
 Orb of Destruction       Conj           0%         9d5       100%        7
 Summon Hydra             Summ           0%         N/A       100%        7
 Borgnjor's Revivificati  Necr           0%         N/A       100%        8
 Disjunction              Tloc           0%         N/A       100%        8
 Ignition                 Fire           0%         3d3       100%        8
 Summon Horrible Things   Summ           0%         N/A       100%        8
 Dragon's Call            Summ           0%         N/A       100%        9


Dungeon Overview and Level Annotations

Branches:
Dungeon (15/15)            Temple (1/1) D:5            Lair (5/5) D:8
 Shoals (4/4) Lair:3       Spider (4/4) Lair:3        Slime (5/5) Lair:5
    Orc (2/2) D:12            Elf (3/3) Orc:2        Vaults (4/5) D:13
  Crypt (3/3) Vaults:2       Tomb (0/3) Crypt:3      Depths (4/4) D:15
    Zot (5/5) Depths:4      Sewer (visited)

Altars:
Ashenzari
Cheibriados
Dithmenos
Elyvilon
Fedhas
Gozag
Hepliaklqana
Kikubaaqudgha
Makhleb
Nemelex Xobeh
Okawaru
Qazlal
Ru
Sif Muna
Trog
Uskayaw
Vehumet
Wu Jian
Xom
Yredelemnul
Zin
The Shining One
Jiyva

Shops:
D:1 =   Orc:2 [([!   Elf:1 [   Elf:2 ((=!   Elf:3 ?   Shoals:1 !   Vaults:1 *(
Vaults:2 (   Vaults:4 ?

Portals:
Hell: Depths:1 Depths:2 Depths:3 Depths:4
Abyss: D:10 Depths:2 Depths:3
Pandemonium: Depths:1 Depths:2 Depths:4
Ziggurat: Depths:3

Annotations:
Shoals:3 2 transporters, Meoqees's ghost, adept MiFi
Slime:5 Royal Jelly
Vaults:3 2 transporters
Vaults:4 3 runed translucent doors, ragingrage's ghost, veteran HOFi
Depths:2 3 runed translucent doors, Qiwept's ghost, veteran BaIE
Zot:5 exclusion: obsidian statue


Innate Abilities, Weirdness & Mutations

You have a pair of horns on your head.
You reflexively headbutt those who attack you in melee.
You have claws for feet.
You are completely covered in iridescent scales. (AC +6)
You sometimes lose your temper in combat.
Your flesh is very cold resistant. (rC++)
Armour fits poorly on your strangely shaped body.
Your body sometimes deteriorates upon taking damage.
You are very dopey. (Int -4)
Your flesh is heat resistant. (rF+)
You are very frail. (-20% HP)
Your magical capacity is low. (-10% MP)
Your muscles are strong. (Str +4, Int/Dex -1)
Your gelatinous body deflects attacks. (AC +3, EV +3)
You have hidden genetic potential.
Your spells are a little easier to cast, but a little less powerful.
You occasionally lose the ability to drink potions when taking damage.
You occasionally lose the ability to read scrolls when taking damage.


Message History

You block Issiygaso's attack.
You bludgeon Issiygaso!!
Issiygaso convulses!
Your kick misses Issiygaso.
Issiygaso is severely wounded.
Issiygaso barely misses you.
You completely miss Issiygaso. Your kick misses Issiygaso.
Issiygaso is severely wounded.
Issiygaso hits you but does no damage.
You miss Issiygaso. Your kick misses Issiygaso. Your headbutt misses Issiygaso.
Issiygaso is severely wounded.
You block Issiygaso's attack.
You completely miss Issiygaso. Your kick misses Issiygaso.
Your headbutt misses Issiygaso.
Issiygaso is severely wounded.
Issiygaso hits you but does no damage.
You barely miss Issiygaso. Your kick misses Issiygaso.
Your headbutt misses Issiygaso.
Issiygaso is severely wounded.
You block Issiygaso's attack. x2
You miss Issiygaso. You claw Issiygaso.
Issiygaso is severely wounded.
Issiygaso hits you!!
You closely miss Issiygaso. Your kick misses Issiygaso.
Issiygaso is severely wounded.
You block Issiygaso's attack.
You barely miss Issiygaso. Your kick misses Issiygaso.
Your headbutt misses Issiygaso.
Issiygaso is severely wounded.
Issiygaso barely misses you. You furiously retaliate!
You headbutt Issiygaso!! You impale Issiygaso!!
Issiygaso convulses!
Issiygaso is almost dead.
Issiygaso hits you.
You spit Issiygaso like a pig!!!
You kill Issiygaso!
You rampage towards the ice devil!
You bludgeon the ice devil!!
The ice devil convulses!!
You kill the ice devil!
HP restored.
There is a staircase leading out of the dungeon here.
You can't go down here!
You have escaped!

.##..(......#.......# #..........
.####..##...#.#.....###.##.##[###
.###...######.#............##.# #
.......##.#######...###.#####.# #
####...##.#≈≈≈≈.....# #.#####.# #
#..)##.≈≈≈≈≈....####.......# #
#...##.≈≈≈≈~.........#######
####...##.≈≈≈~≈....####.....#####
..........≈≈≈.≈.@..####.....##...
..........≈≈≈....(.#........##.##
..........≈≈≈........##.....##.##
####...##.≈≈≈≈..............##.##
#...##.#≈≈≈.≈≈≈############...
#...##.#≈≈≈≈≈≈≈# ####
#...##.######### ###### #
##...##.## #.# ##....## #
#........# #.#####......## #


There were no monsters in sight!

Vanquished Creatures
  2 pandemonium lords
  2 dread liches
  4 ancient liches (Zot:5)
  6 orbs of fire
  Parghit (Zot:1)
  Bai Suzhen (Elf:3)
  5 Killer Klowns (Zot:5)
  2 curse toes
  5 caustic shrikes (Depths:2)
  8 golden dragons
  Arachne (Spider:2)
  3 bone dragons
  A hellephant (Depths:3)
  A Tzitzimitl (Depths:2)
  2 electric golems
  Jorgrun (D:14)
  14 tentacled monstrosities
  An Ice Fiend (Zot:5)
  27 Orb Guardians
  Mlioglotl (Spider:2)
  3 liches
  A titan (Shoals:4)
  2 deep elf blademasters (Elf:3)
  2 deep elf master archers (Elf:3)
  A kraken (Shoals:1)
  5 quicksilver dragons
  Frances (Shoals:2)
  6 ancient champions
  5 Executioners
  3 sphinxes
  10 death cobs
  Agnes (Spider:2)
  12 storm dragons
  Gastronok (D:8)
  3 shadow dragons
  5 tengu reavers
  Aizul (Spider:4)
  8 protean progenitors
  7 fire giants
  9 draconian monks
  Ilsuiw (Shoals:2)
  A revenant (Crypt:3)
  Donald (Spider:4)
  4 draconian knights
  3 frost giants (Depths:3)
  4 draconian scorchers
  11 vault wardens
  A caustic shrike zombie (Depths:2)
  3 spectral caustic shrikes (Depths:1)
  A balrug (Depths:4)
  7 draconian shifters
  Louise (D:14)
  7 emperor scorpions (Spider:4)
  5 deep elf sorcerers
  10 ironbound preservers
  8 ghost moths
  A juggernaut zombie (Depths:2)
  A curse skull (Crypt:3)
  5 deep elf elementalists (Elf:3)
  4 ghouls
  5 orc warlords
  A spectral juggernaut (Depths:2)
  6 ironbound thunderhulks
  A draconian annihilator (Zot:5)
  3 draconian stormcallers
  6 reapers
  10 stone giants
  3 broodmothers
  The ghost of Juirae the Grappler, a journeyman TrMo of Wu Jian (Lair:4)
  3 caustic shrike skeletons (Crypt:3)
  6 deep elf demonologists
  7 very ugly things
  2 spriggan defenders (Depths:3)
  4 vampire knights
  A juggernaut skeleton (Depths:2)
  4 yellow draconians
  16 dire elephants
  5 green draconians
  9 black draconians
  14 deep elf death magi
  8 purple draconians
  A spectral titan (Depths:2)
  A lorocyproca (Depths:2)
  Azrael (D:14)
  16 red draconians
  The ghost of Hairutzoic the Fighter, a journeyman MiBe of Trog (Lair:5)
  7 spark wasps
  3 war gargoyles (Vaults:4)
  6 deep elf annihilators (Elf:3)
  11 white draconians
  A spectral quicksilver dragon (Depths:2)
  5 eidola
  The ghost of mdmota the Fighter, a journeyman DjCK of Xom (D:10)
  11 entropy weavers
  11 fire dragons
  9 jiangshi
  A crystal guardian (Vaults:4)
  5 merfolk javelineers
  3 yaktaur captains
  8 ettins
  6 hydras
  15 merfolk impalers
  A spectral sphinx (Depths:2)
  A salamander tyrant (Depths:3)
  4 ice dragons
  A spectral tengu (Depths:2)
  2 hell beasts
  13 vault guards
  Harold (D:10)
  A peacekeeper (Vaults:1)
  A sphinx zombie (Depths:2)
  A catoblepas (Lair:1)
  4 ghost crabs (Lair:3)
  6 rakshasas
  2 ogre magi (D:15)
  A merfolk aquamancer (Shoals:4)
  2 anacondas (Zot:2)
  2 jorogumos
  9 two-headed ogres
  5 centaur warriors
  A juggernaut simulacrum (Depths:2)
  3 spriggan air magi
  An alligator snapping turtle (Shoals:4)
  A fenstrider witch skeleton (Crypt:2)
  A spectral frost giant (Depths:2)
  5 alligators
  5 spriggan skeletons (Crypt:3)
  3 boulder beetles
  6 death knights
  7 ironbound frosthearts
  3 radroaches
  30 dancing weapons
  2 merfolk avatars
  A bennu skeleton (Crypt:3)
  3 satyrs
  A spectral fire giant (Depths:2)
  A sphinx skeleton (Vaults:4)
  9 death yaks
  7 demonic crawlers
  2 tengu warriors
  13 vampire magi
  3 deep troll shamans (Depths:3)
  An occultist (D:10)
  2 spectral storm dragons (Depths:2)
  Urug (D:13)
  12 hell knights
  5 spriggan berserkers
  3 skysharks
  4 deep troll earth magi
  2 orc high priests
  2 shadow wraiths
  A storm dragon zombie (Depths:2)
  2 soul eaters
  4 titan skeletons (Crypt:3)
  Amaemon (D:11)
  4 fire crabs (Lair:3)
  37 skeletal warriors
  14 deep elf knights
  A wretched star (D:10)
  2 spectral spark wasps (Depths:2)
  7 pharaoh ants
  An iron giant zombie (Crypt:3)
  7 flayed ghosts
  A golden dragon zombie (Depths:2)
  5 iron trolls
  A shadow demon (Depths:1)
  A bog body (Crypt:2)
  9 sea snakes
  5 orb spiders
  17 phantasmal warriors
  13 deep elf archers
  12 arcanists
  2 sun moths
  35 deep trolls
  An iron giant skeleton (Crypt:3)
  A spriggan simulacrum (Depths:2)
  A shadow dragon zombie (Vaults:2)
  8 ironbound convokers
  2 golden dragon skeletons
  3 steelbarb worms (Spider:4)
  5 orc knights
  An obsidian statue (D:14)
  4 lindwurms
  2 tengu zombies
  22 deep elf zephyrmancers
  11 necromancers
  25 harpies
  A harpy (shapeshifter) (D:15)
  28 deep elf pyromancers
  15 wolf spiders
  An iron dragon zombie (Depths:2)
  An oklob plant (Lair:4)
  6 orc sorcerers
  22 fauns
  38 ugly things
  A frost giant zombie (Vaults:2)
  A spectral spriggan (Depths:2)
  2 tengu skeletons
  An alligator skeleton (Crypt:3)
  A stone giant zombie (Crypt:1)
  9 cyclopes
  2 kobold blastminers (Orc:2)
  31 moths of wrath
  20 manticores
  A black mamba (Lair:5)
  17 water nymphs
  An apocalypse crab (Lair:3)
  22 elephants
  A mana viper zombie (Crypt:1)
  2 toenail golems
  2 stone giant skeletons
  A black mamba (shapeshifter) (D:14)
  13 merfolk sirens
  10 vault sentinels
  An eye of devastation (shapeshifter) (Vaults:1)
  A smoke demon (Depths:4)
  4 torpor snails
  3 centaur skeletons (Crypt:3)
  17 cane toads
  An orange demon (D:11)
  Maggie (D:6)
  4 gargoyles
  2 large abominations (Zot:3)
  An alligator snapping turtle skeleton (Crypt:1)
  3 rime drakes
  A grey draconian zombie (Crypt:1)
  2 unseen horrors (D:12)
  5 komodo dragons
  A tormentor (Depths:2)
  20 yaktaurs
  2 hellions
  A mana viper skeleton (Crypt:2)
  6 human skeletons
  An efreet (D:15)
  A red draconian zombie (Crypt:2)
  A spark wasp simulacrum (Depths:2)
  5 freezing wraiths
  A spectral glowing shapeshifter (Depths:2)
  A harpy zombie (Shoals:3)
  2 ice devils
  A tengu conjurer (D:13)
  A yellow draconian skeleton (Crypt:1)
  5 guardian mummies (Crypt:1)
  4 trolls
  8 polar bears (Lair:5)
  14 wind drakes
  33 merfolk
  A white draconian skeleton (Crypt:2)
  13 hornets
  Prince Ribbit (D:6)
  A harpy skeleton (Crypt:3)
  22 blink frogs
  2 tyrant leeches (Zot:4)
  23 tarantellas
  11 dream sheep
  A stone giant simulacrum (Depths:2)
  6 snapping turtles
  9 air elementals
  A fire giant simulacrum (Depths:2)
  A shadow (D:12)
  A frost giant simulacrum (Depths:2)
  19 jumping spiders
  18 spriggans
  2 ynoxinuls
  7 wraiths
  A centaur simulacrum (D:15)
  2 guardian serpent skeletons
  14 culicivoras
  3 wyverns
  21 water elementals
  2 ettin skeletons
  7 fire elementals
  An ice dragon skeleton (Crypt:2)
  63 yaks
  A vampire (D:12)
  Eustachio (D:4)
  6 wargs
  Grum (D:8)
  2 humans (D:13)
  2 steam dragons
  49 redbacks
  14 vampire mosquitoes
  Menkaure (D:4)
  9 water moccasins
  An acid dragon (D:12)
  4 hell hounds (D:14)
  A deep troll skeleton (Crypt:3)
  A glowing shapeshifter skeleton (Crypt:2)
  Duvessa (D:4)
  36 orc warriors
  4 black bears
  2 small abominations (D:10)
  An ice beast (D:7)
  3 manticore zombies (Shoals:3)
  A snapping turtle zombie (Crypt:2)
  7 laughing skulls
  6 centaurs
  27 wolves
  3 boggarts (Lair:5)
  6 ogres
  A phantom (D:5)
  An elf simulacrum (Vaults:4)
  A blink frog skeleton (Crypt:3)
  2 kobold brigands
  2 earth elementals
  2 necrophages (Crypt:2)
  2 gnoll sergeants
  11 bullfrogs
  A yaktaur skeleton (Crypt:2)
  4 scorpions
  2 glowing shapeshifter simulacra
  A warg skeleton (Crypt:1)
  25 wights
  A raiju zombie (Crypt:2)
  A water moccasin skeleton (Crypt:3)
  Dowan (D:4)
  5 killer bees (D:9)
  2 howler monkeys
  A polar bear skeleton (Crypt:1)
  A troll skeleton (Crypt:1)
  5 electric eels
  5 hounds
  4 jellies (Sewer)
  4 bombardier beetles
  A human zombie (Crypt:1)
  3 gnoll boudas
  19 orc priests
  An iguana (D:6)
  Crazy Yiuf (D:5)
  2 sleepcaps
  Natasha (twice) (D:2)
  25 orc wizards
  8 hell rats
  2 mummies (Crypt:1)
  Robin (D:2)
  12 adders
  14 gnolls
  22 river rats
  A steam dragon skeleton (Crypt:1)
  A shadow imp (D:8)
  A white imp (D:6)
  An ufetubus (D:6)
  An iguana skeleton (Crypt:3)
  A ribbon worm (D:2)
  93 orcs
  3 bats (D:1)
  13 endoplasms
  10 giant cockroaches
  16 goblins
  4 hobgoblins (D:2)
  5 jackals
  9 quokkas
  6 ball pythons
  5 frilled lizards
  18 kobolds
  22 rats
  A rat zombie (Crypt:3)
  An aspiring flesh (Zot:4)
  A starspawn tentacle (Spider:2)
  2 tentacles (Shoals:1)
2216 creatures vanquished.

Vanquished Creatures (collateral kills)
  A merfolk javelineer (Shoals:2)
  A tormentor (Depths:2)
  A tarantella (Spider:4)
3 creatures vanquished.

Vanquished Creatures (others)
  A dread lich (Zot:5)
  An ironbound thunderhulk (Vaults:1)
  A war gargoyle (Vaults:2)
  6 great orbs of eyes
  5 centaur warriors
  A merfolk aquamancer (Shoals:2)
  An occultist (Depths:3)
  A deep elf knight (Elf:2)
  A glowing orange brain (Depths:2)
  A harpy (shapeshifter) (Elf:1)
  An ironbound convoker (Vaults:2)
  2 lindwurms (Vaults:1)
  2 deep elf pyromancers
  A wolf spider (shapeshifter) (Vaults:3)
  3 deep elf zephyrmancers
  A wolf spider (D:15)
  4 ugly things
  A cyclops (D:15)
  2 manticores
  2 vault sentinels
  A queen bee (shapeshifter) (D:14)
  A polar bear (Vaults:2)
  A raiju (shapeshifter) (Elf:1)
  A blink frog (shapeshifter) (Elf:1)
  24 slime creatures
  An air elemental (Shoals:4)
  A yak (Vaults:2)
  A spriggan (shapeshifter) (Elf:1)
  2 yaks (shapeshifter)
  2 shadows (D:10)
  A basilisk (shapeshifter) (Elf:1)
  A basilisk (D:14)
  A vampire mosquito (D:14)
  A chaos spawn (Zot:5)
  A water moccasin (Lair:1)
  An acid dragon (shapeshifter) (D:13)
  An orc warrior (Orc:2)
  A crocodile (D:12)
  2 boggarts (Lair:5)
  A bullfrog (Lair:3)
  3 gnoll sergeants
  273 jellies
  A killer bee (D:9)
  A shapeshifter skeleton (Crypt:3)
  3 howler monkeys
  A hound (D:9)
  An orc priest (Orc:2)
  2 gnoll boudas (D:9)
  3 orc wizards
  2 hell rats
  19 gnolls
  2 river rats (Lair:4)
  11 orcs
  4 endoplasms
  A jackal (D:9)
  2 training dummies (D:6)
  A starspawn tentacle (Spider:2)
  4 tentacles (Shoals:1)
418 creatures vanquished.

Grand Total: 2637 creatures vanquished

Notes
Turn   | Place    | Note
-------+----------+-------------------------------------------
     0 | D:1      | IAmTheZeppo the Minotaur Fighter began the quest for the
                  | Orb.
     0 | D:1      | Reached XP level 1. HP: 19/19 MP: 0/0
   127 | D:1      | Found Wamajius's Jewellery Shoppe.
   278 | D:1      | Reached XP level 2. HP: 27/27 MP: 1/1
   797 | D:2      | Reached XP level 3. HP: 33/33 MP: 2/2
   951 | D:2      | Noticed Robin
   967 | D:2      | Killed Robin
   968 | D:2      | Reached XP level 4. HP: 32/40 MP: 3/3
  1064 | D:2      | Noticed Natasha
  1073 | D:2      | Killed Natasha
  1074 | D:2      | Reached skill level 1 in Dodging
  1175 | D:2      | Noticed Natasha
  1184 | D:2      | Killed Natasha
  1283 | D:2      | Reached XP level 5. HP: 47/47 MP: 4/4
  1363 | D:3      | Found a shimmering blue altar of Sif Muna.
  1910 | D:4      | Noticed Eustachio
  1932 | D:4      | Killed Eustachio
  1933 | D:4      | Reached skill level 5 in Armour
  1933 | D:4      | Reached XP level 6. HP: 26/55 MP: 5/5
  2140 | D:4      | Found a stormy altar of Qazlal.
  2141 | D:4      | Found a basalt altar of Yredelemnul.
  2156 | D:4      | Reached skill level 5 in Fighting
  2156 | D:4      | Reached skill level 5 in Axes
  2245 | D:4      | Found a glowing drain.
  2273 | Sewer    | Entered a sewer
  2409 | Sewer    | Reached XP level 7. HP: 56/61 MP: 6/6
  2479 | Sewer    | Reached skill level 5 in Shields
  2484 | Sewer    | Found a viscous altar of Jiyva.
  2550 | Sewer    | Became a worshipper of Jiyva Jailusu the Shapeless
  2793 | D:4      | Identified the amulet "Lysi" {Spirit rElec Regen+ Str+6}
  2937 | D:4      | Reached * piety under Jiyva
  3036 | D:4      | Noticed Dowan
  3036 | D:4      | Noticed Duvessa
  3048 | D:4      | Killed Duvessa
  3053 | D:4      | Killed Dowan
  3139 | D:4      | Noticed Menkaure
  3146 | D:4      | Killed Menkaure
  3415 | D:5      | Entered Level 5 of the Dungeon
  3432 | D:5      | Reached XP level 8. HP: 70/70 MP: 7/7
  3459 | D:5      | Found a staircase to the Ecumenical Temple.
  3505 | Temple   | Entered the Ecumenical Temple
  3825 | D:5      | Found a runed translucent door.
  3826 | D:5      | Noticed Crazy Yiuf
  3831 | D:5      | Killed Crazy Yiuf
  3923 | D:6      | Reached ** piety under Jiyva
  3929 | D:6      | Reached skill level 1 in Evocations
  3929 | D:6      | Noticed Maggie
  3947 | D:6      | Killed Maggie
  3948 | D:6      | Reached XP level 9. HP: 64/79 MP: 8/8
  3973 | D:6      | Found a shimmering altar of Xom.
  4020 | D:6      | Noticed a gargoyle
  4024 | D:6      | Killed a gargoyle
  4195 | D:6      | Found a shadowy altar of Dithmenos.
  4276 | D:6      | Noticed Prince Ribbit
  4300 | D:6      | Killed Prince Ribbit
  4595 | D:7      | Reached skill level 5 in Dodging
  4900 | D:7      | Reached *** piety under Jiyva
  4944 | D:7      | Gained mutation: You have a small jelly attached to you
                  | that may absorb projectiles. [Jiyva's grace]
  4944 | D:7      | Gained mutation: You possess an exceptional clarity of
                  | mind. [Jiyva's grace]
  4944 | D:7      | Gained mutation: You have a pair of large horns on your
                  | head. [Jiyva's grace]
  4944 | D:7      | Gained mutation: Your spells are a little harder to cast,
                  | but a little more powerful. [Jiyva's grace]
  5177 | D:8      | Found a staircase to the Lair.
  5263 | D:8      | Noticed Gastronok
  5274 | D:8      | Killed Gastronok
  5275 | D:8      | Reached skill level 10 in Axes
  5275 | D:8      | Reached XP level 10. HP: 62/90 MP: 6/9
  5376 | D:8      | Noticed Grum
  5394 | D:8      | Killed Grum
  5516 | D:8      | Reached **** piety under Jiyva
  5781 | D:9      | Reached skill level 1 in Stealth
  5941 | D:9      | Reached skill level 10 in Armour
  6357 | D:10     | Entered Level 10 of the Dungeon
  6378 | D:10     | Reached ***** piety under Jiyva
  6405 | D:10     | Gained mutation: Your body has grown eyes which may confuse
                  | attackers. (Acc +3) [Jiyva's grace]
  6405 | D:10     | Gained mutation: Your body has grown many eyes which may
                  | confuse attackers. (Acc +5) [Jiyva's grace]
  6405 | D:10     | Gained mutation: Your body is covered in eyes which may
                  | confuse attackers. (Acc +7, SInv) [Jiyva's grace]
  6405 | D:10     | Gained mutation: You are resistant to electric shocks.
                  | (rElec) [Jiyva's grace]
  6464 | D:10     | Reached XP level 11. HP: 89/97 MP: 10/10
  6469 | D:10     | Found a transporter.
  6499 | D:10     | Noticed an occultist
  6505 | D:10     | Noticed mdmota's ghost (journeyman DjCK)
  6645 | D:10     | Found a transporter.
  6646 | D:10     | Noticed a wretched star
  6665 | D:10     | Noticed Harold
  6690 | D:10     | Killed Harold
  6782 | D:10     | Found a one-way gate to the infinite horrors of the Abyss.
  6850 | D:11     | Noticed Amaemon
  6850 | D:11     | Noticed a two-headed ogre
  6865 | D:11     | Noticed a two-headed ogre
  6875 | D:11     | Killed a two-headed ogre
  6931 | D:11     | Killed a two-headed ogre
  6944 | D:11     | Killed Amaemon
  7122 | D:11     | Reached skill level 10 in Fighting
  7350 | D:12     | Reached skill level 5 in Evocations
  7674 | D:12     | Reached XP level 12. HP: 103/107 MP: 11/11
  7684 | D:12     | Found a staircase to the Orcish Mines.
  7861 | D:12     | Noticed a boulder beetle
  7867 | D:12     | Slimified a boulder beetle
  7867 | D:12     | a boulder beetle changed into an acid blob
  7867 | D:12     | Noticed an acid blob
  8458 | D:13     | Noticed a five-headed hydra
  8468 | D:13     | Killed a nine-headed hydra
  8513 | D:13     | Noticed a vault guard
  8652 | D:13     | Noticed Urug
  8669 | D:13     | Killed Urug
  8718 | D:13     | Noticed a vault guard
  8822 | Lair:1   | Entered Level 1 of the Lair of Beasts
  8850 | Lair:1   | Gained mutation: Your rubbery body absorbs attacks. (AC +1,
                  | EV +1) [Jiyva's grace]
  8850 | Lair:1   | Gained mutation: Your pliable body absorbs attacks. (AC +2,
                  | EV +2) [Jiyva's grace]
  8850 | Lair:1   | Gained mutation: Your gelatinous body deflects attacks. (AC
                  | +3, EV +3) [Jiyva's grace]
  8850 | Lair:1   | Gained mutation: You expend magic power (3 MP) to
                  | strengthen your wands. [Jiyva's grace]
  8866 | Lair:1   | Noticed a catoblepas
  8874 | Lair:1   | Killed a catoblepas
  9152 | Lair:1   | Reached skill level 10 in Shields
  9456 | Lair:1   | Found a transporter.
  9458 | Lair:1   | Found a transporter.
  9459 | Lair:1   | Noticed a boulder beetle
  9459 | Lair:1   | Noticed a boulder beetle
  9680 | Lair:2   | Reached XP level 13. HP: 117/117 MP: 12/12
  9680 | Lair:2   | Reached ****** piety under Jiyva
 10134 | Lair:2   | Lost mutation: You have a pair of large horns on your head.
                  | [Jiyva's grace]
 10134 | Lair:2   | Lost mutation: Your body is covered in eyes which may
                  | confuse attackers. (Acc +7, SInv) [Jiyva's grace]
 10134 | Lair:2   | Lost mutation: Your gelatinous body deflects attacks. (AC
                  | +3, EV +3) [Jiyva's grace]
 10134 | Lair:2   | Lost mutation: Your pliable body absorbs attacks. (AC +2,
                  | EV +2) [Jiyva's grace]
 10134 | Lair:2   | Lost mutation: You have a small jelly attached to you that
                  | may absorb projectiles. [Jiyva's grace]
 10134 | Lair:2   | Gained mutation: Armour fits poorly on your pseudopods.
                  | [Jiyva's grace]
 10134 | Lair:2   | Gained mutation: Armour fits poorly on your large
                  | pseudopods. [Jiyva's grace]
 10134 | Lair:2   | Gained mutation: Armour fits poorly on your massive
                  | pseudopods. [Jiyva's grace]
 10134 | Lair:2   | Gained mutation: You have sharp fingernails. [Jiyva's
                  | grace]
 10191 | Lair:2   | Identified the +10 long sword of the Mushroom {freeze,
                  | ^Fragile rC+ rN+ Will++}
 10846 | Lair:3   | Found a hole to the Spider Nest.
 11009 | Lair:3   | Found a staircase to the Shoals.
 11188 | Lair:3   | Found a runed translucent door.
 11475 | Lair:3   | Reached skill level 15 in Axes
 11501 | Lair:3   | Reached XP level 14. HP: 122/129 MP: 13/13
 11811 | Lair:4   | Lost mutation: You possess an exceptional clarity of mind.
                  | [Jiyva's grace]
 11811 | Lair:4   | Lost mutation: Your body has grown many eyes which may
                  | confuse attackers. (Acc +5) [Jiyva's grace]
 11811 | Lair:4   | Lost mutation: Armour fits poorly on your massive
                  | pseudopods. [Jiyva's grace]
 11811 | Lair:4   | Lost mutation: Armour fits poorly on your large pseudopods.
                  | [Jiyva's grace]
 11811 | Lair:4   | Lost mutation: Armour fits poorly on your pseudopods.
                  | [Jiyva's grace]
 11811 | Lair:4   | Gained mutation: You are agile. (Dex +4, Str/Int -1)
                  | [Jiyva's grace]
 11811 | Lair:4   | Gained mutation: You are very agile. (Dex +8, Str/Int -2)
                  | [Jiyva's grace]
 11811 | Lair:4   | Gained mutation: You passively dampen the noise of your
                  | surroundings. [Jiyva's grace]
 11811 | Lair:4   | Gained mutation: Armour fits poorly on your pseudopods.
                  | [Jiyva's grace]
 12179 | Lair:4   | Found a runed translucent door.
 12180 | Lair:4   | Found a shimmering altar of Xom.
 12180 | Lair:4   | Noticed Juirae's ghost (journeyman TrMo)
 12182 | Lair:4   | You fall into a shaft and drop 1 floor!
 12182 | Lair:5   | Entered Level 5 of the Lair of Beasts
 12185 | Lair:5   | Found a runed translucent gate.
 12185 | Lair:5   | Found a runed translucent gate.
 12185 | Lair:5   | Found a runed translucent gate.
 12216 | Lair:5   | Found a viscous altar of Jiyva.
 12217 | Lair:5   | Found a staircase to the Slime Pits.
 12222 | Lair:5   | Reached skill level 10 in Dodging
 12535 | Lair:5   | Got an earthy gem with 56 turns to spare
 13158 | Lair:5   | Noticed Hairutzoic's ghost (journeyman MiBe)
 13242 | Slime:1  | Entered Level 1 of the Pits of Slime
 13243 | Slime:1  | Noticed a quicksilver ooze
 13256 | Slime:1  | Noticed an azure jelly
 13277 | Slime:1  | Noticed a quicksilver ooze
 13287 | Slime:1  | Noticed a quicksilver ooze
 13301 | Slime:1  | Noticed a quicksilver ooze
 13305 | Slime:1  | Noticed an azure jelly
 13313 | Slime:1  | Noticed an acid blob
 13355 | Slime:1  | Noticed an acid blob
 13479 | Slime:2  | Noticed an acid blob
 13531 | Slime:2  | Noticed an acid blob
 13596 | Slime:2  | Noticed an azure jelly
 13605 | Slime:2  | Noticed a rockslime
 13721 | Slime:3  | Noticed a rockslime
 13723 | Slime:3  | Noticed an azure jelly
 13723 | Slime:3  | Noticed a rockslime
 13724 | Slime:3  | Noticed a rockslime
 13731 | Slime:3  | Noticed an acid blob
 13756 | Slime:3  | Noticed a quicksilver ooze
 13857 | Slime:3  | Noticed a quicksilver ooze
 13858 | Slime:3  | Noticed a rockslime
 13915 | Slime:4  | Noticed an azure jelly
 13918 | Slime:4  | Noticed a rockslime
 13993 | Slime:4  | Noticed a quicksilver ooze
 14096 | Slime:5  | Entered Level 5 of the Pits of Slime
 14138 | Slime:5  | Noticed an acid blob
 14196 | Slime:5  | Noticed an acid blob
 14199 | Slime:5  | Found a viscous altar of Jiyva.
 14199 | Slime:5  | Noticed an acid blob
 14199 | Slime:5  | Found the +5 robe of Night {Dark Will+ SInv}
 14203 | Slime:5  | Noticed an acid blob
 14206 | Slime:5  | Identified the +9 dagger "Ceacy" {protect, rF- rC++}
 14209 | Slime:5  | Identified the +10 spear "Killer Bee's Foe" {freeze, rCorr}
 14211 | Slime:5  | Identified the staff of Oshrocyd {rN+ Dex+3 Necro}
 14215 | Slime:5  | Noticed an acid blob
 14216 | Slime:5  | Noticed an acid blob
 14220 | Slime:5  | Noticed the Royal Jelly
 14255 | Slime:5  | Noticed a quicksilver ooze
 14308 | Slime:5  | Noticed an azure jelly
 14330 | Slime:5  | Identified the ring of Ceahet {^Drain rC+ rN+++ Will+}
 14347 | Slime:5  | Noticed an azure jelly
 14355 | Slime:5  | Noticed an azure jelly
 14458 | Slime:5  | Identified the +5 mace of Imbalance {antimagic, Str+2 Int+3
                  | SInv Stlth+}
 14461 | Slime:5  | Got a slimy rune of Zot
 14462 | Slime:5  | Identified the +5 long sword "Killer Klown's Foe" {venom,
                  | rElec rC++ Will+ Dex-2}
 14464 | Slime:5  | Identified the +7 orcbow of Keokaom {freeze, rElec Dex+2}
 14673 | Spider:1 | Entered Level 1 of the Spider Nest
 14714 | Spider:1 | Gained mutation: Armour fits poorly on your strangely
                  | shaped body. [mutagenic glow]
 14814 | Spider:1 | Reached XP level 15. HP: 139/139 MP: 14/14
 14840 | Spider:1 | Lost mutation: You are resistant to electric shocks.
                  | (rElec) [Jiyva's grace]
 14840 | Spider:1 | Lost mutation: Your body has grown eyes which may confuse
                  | attackers. (Acc +3) [Jiyva's grace]
 14840 | Spider:1 | Gained mutation: Your system is resistant to poisons.
                  | (rPois) [Jiyva's grace]
 14840 | Spider:1 | Gained mutation: You are partially covered in iridescent
                  | scales. (AC +2) [Jiyva's grace]
 14840 | Spider:1 | Gained mutation: You are mostly covered in iridescent
                  | scales. (AC +4) [Jiyva's grace]
 14840 | Spider:1 | Gained mutation: You are completely covered in iridescent
                  | scales. (AC +6) [Jiyva's grace]
 15537 | Spider:2 | Noticed Arachne
 15558 | Spider:2 | Killed Arachne
 15602 | Spider:2 | Noticed Agnes
 15611 | Spider:2 | Killed Agnes
 16373 | Spider:2 | Noticed Mlioglotl
 16388 | Spider:2 | Noticed a tentacled starspawn
 16396 | Spider:2 | Gained mutation: Your magical capacity is low. (-10% MP) [a
                  | neqoxec]
 16396 | Spider:2 | Noticed a bone dragon
 16398 | Spider:2 | Killed Mlioglotl
 16964 | Spider:3 | Lost mutation: Your rubbery body absorbs attacks. (AC +1,
                  | EV +1) [Jiyva's grace]
 16964 | Spider:3 | Gained mutation: You possess an exceptional clarity of
                  | mind. [Jiyva's grace]
 16964 | Spider:3 | Gained mutation: You are somewhat resistant to further
                  | mutation. [Jiyva's grace]
 16964 | Spider:3 | Gained mutation: You are somewhat resistant to both further
                  | mutation and mutation removal. [Jiyva's grace]
 16964 | Spider:3 | Gained mutation: You are almost entirely resistant to
                  | further mutation and mutation removal. [Jiyva's grace]
 17443 | Spider:3 | Reached skill level 15 in Fighting
 17741 | Spider:4 | Entered Level 4 of the Spider Nest
 17756 | Spider:4 | Noticed an emperor scorpion
 17776 | Spider:4 | Killed an emperor scorpion
 17825 | Spider:4 | Noticed Donald
 17840 | Spider:4 | Killed Donald
 18082 | Spider:4 | Noticed an emperor scorpion
 18108 | Spider:4 | Killed an emperor scorpion
 18109 | Spider:4 | Reached XP level 16. HP: 106/149 MP: 13/13
 18318 | Spider:4 | Identified the serpent talisman "Xapimp" {rElec Int+2}
 18318 | Spider:4 | Noticed Aizul
 18326 | Spider:4 | Reached skill level 15 in Shields
 18327 | Spider:4 | Killed Aizul
 18715 | Spider:4 | Got a gossamer rune of Zot
 19086 | Shoals:1 | Entered Level 1 of the Shoals
 19154 | Shoals:1 | Found a runed translucent door.
 19352 | Shoals:1 | Reached skill level 15 in Armour
 19470 | Shoals:1 | Found Laphem's Distillery.
 19479 | Shoals:1 | Bought a potion of curing for 42 gold pieces
 19479 | Shoals:1 | Bought a potion of might for 56 gold pieces
 19479 | Shoals:1 | Bought a potion of haste for 140 gold pieces
 19479 | Shoals:1 | Bought a potion of might for 56 gold pieces
 19479 | Shoals:1 | Bought a potion of heal wounds for 70 gold pieces
 19479 | Shoals:1 | Bought a potion of curing for 42 gold pieces
 19702 | Shoals:1 | Noticed a kraken
 19719 | Shoals:1 | Killed a kraken
 19750 | Shoals:2 | Noticed Frances
 19769 | Shoals:2 | Killed Frances
 19908 | Shoals:2 | Lost mutation: You are completely covered in iridescent
                  | scales. (AC +6) [Jiyva's grace]
 19908 | Shoals:2 | Lost mutation: You are very agile. (Dex +8, Str/Int -2)
                  | [Jiyva's grace]
 19908 | Shoals:2 | Lost mutation: You possess an exceptional clarity of mind.
                  | [Jiyva's grace]
 19908 | Shoals:2 | Lost mutation: You are almost entirely resistant to further
                  | mutation and mutation removal. [Jiyva's grace]
 19908 | Shoals:2 | Lost mutation: You are somewhat resistant to both further
                  | mutation and mutation removal. [Jiyva's grace]
 19908 | Shoals:2 | Lost mutation: You are somewhat resistant to further
                  | mutation. [Jiyva's grace]
 19908 | Shoals:2 | Lost mutation: Armour fits poorly on your pseudopods.
                  | [Jiyva's grace]
 19908 | Shoals:2 | Lost mutation: You passively dampen the noise of your
                  | surroundings. [Jiyva's grace]
 19908 | Shoals:2 | Gained mutation: You are completely covered in iridescent
                  | scales. (AC +6) [Jiyva's grace]
 19908 | Shoals:2 | Gained mutation: Armour fits poorly on your pseudopods.
                  | [Jiyva's grace]
 19908 | Shoals:2 | Gained mutation: Armour fits poorly on your large
                  | pseudopods. [Jiyva's grace]
 19908 | Shoals:2 | Gained mutation: Armour fits poorly on your massive
                  | pseudopods. [Jiyva's grace]
 20269 | Shoals:2 | Noticed Ilsuiw
 20292 | Shoals:2 | HP: 6/151 [merfolk javelineer/silver javelin[Ilsuiw] (11)]
 20377 | Shoals:2 | Killed Ilsuiw
 20607 | Shoals:3 | Reached XP level 17. HP: 158/159 MP: 14/14
 20745 | Shoals:3 | Noticed Meoqees's ghost (adept MiFi)
 20891 | Shoals:3 | Found a transporter.
 20928 | Shoals:3 | Found a transporter.
 21380 | Shoals:3 | Reached skill level 10 in Evocations
 21467 | Shoals:4 | Entered Level 4 of the Shoals
 21501 | Shoals:4 | Paralysed by an air elemental for 1 turns
 21507 | Shoals:4 | Paralysed by an air elemental for 1 turns
 21550 | Shoals:4 | Paralysed by an air elemental for 1 turns
 21598 | Shoals:4 | Paralysed by an air elemental for 1 turns
 21693 | Shoals:4 | Noticed a titan
 21702 | Shoals:4 | Killed a titan
 21730 | Shoals:4 | Identified the +4 war axe of Mohuiret {flame, ^Fragile
                  | Dex+4}
 21758 | Shoals:4 | Lost mutation: You are completely covered in iridescent
                  | scales. (AC +6) [Jiyva's grace]
 21758 | Shoals:4 | Lost mutation: You are agile. (Dex +4, Str/Int -1) [Jiyva's
                  | grace]
 21758 | Shoals:4 | Lost mutation: Armour fits poorly on your strangely shaped
                  | body. [Jiyva's grace]
 21758 | Shoals:4 | Lost mutation: Your magical capacity is low. (-10% MP)
                  | [Jiyva's grace]
 21758 | Shoals:4 | Lost mutation: Your spells are a little harder to cast, but
                  | a little more powerful. [Jiyva's grace]
 21758 | Shoals:4 | Gained mutation: Your flesh is cold resistant. (rC+)
                  | [Jiyva's grace]
 21758 | Shoals:4 | Gained mutation: Your flesh is very cold resistant. (rC++)
                  | [Jiyva's grace]
 21758 | Shoals:4 | Gained mutation: Your flesh is almost immune to the effects
                  | of cold. (rC+++) [Jiyva's grace]
 21758 | Shoals:4 | Gained mutation: You are covered in slimy tendrils that may
                  | disarm your opponents. [Jiyva's grace]
 21816 | Shoals:4 | Paralysed by an air elemental for 1 turns
 21831 | Shoals:4 | Paralysed by an air elemental for 1 turns
 21903 | Shoals:4 | Identified the +1 sling "Fitu Hul" {heavy, rPois rCorr
                  | Int+5 Stlth-}
 21906 | Shoals:4 | Got a barnacled rune of Zot
 22087 | Shoals:4 | Paralysed by an air elemental for 1 turns
 22152 | Shoals:4 | Found a stormy altar of Qazlal.
 22410 | Shoals:4 | Paralysed by an air elemental for 1 turns
 22796 | Orc:1    | Entered Level 1 of the Orcish Mines
 23051 | Orc:2    | Entered Level 2 of the Orcish Mines
 23051 | Orc:2    | Found a bloodstained altar of Trog.
 23179 | Orc:2    | Reached XP level 18. HP: 104/170 MP: 17/17
 23401 | Orc:2    | Found Ofywkaur's Antique Weapon Shoppe.
 23403 | Orc:2    | Found Ecief's Antique Armour Emporium.
 23410 | Orc:2    | Bought a pair of faintly glowing gloves for 285 gold pieces
 23410 | Orc:2    | Identified the +1 pair of gloves of the Mackerel {rC+
                  | Dex+2} (You bought it in a shop on level 2 of the Orcish
                  | Mines)
 23445 | Orc:2    | Found a staircase to the Elven Halls.
 23746 | Orc:2    | Found Oduhagom's Antique Armour Shoppe.
 23753 | Orc:2    | Bought a pair of heavily runed gloves for 304 gold pieces
 23753 | Orc:2    | Identified the +0 pair of gloves of Mynutebo {rCorr Stlth+}
                  | (You bought it in a shop on level 2 of the Orcish Mines)
 23844 | Orc:2    | Found Ihuuj's Distillery.
 23852 | Orc:2    | Bought a potion of curing for 48 gold pieces
 23852 | Orc:2    | Bought a potion of cancellation for 128 gold pieces
 23852 | Orc:2    | Bought a potion of berserk rage for 80 gold pieces
 23852 | Orc:2    | Bought a potion of mutation for 128 gold pieces
 24287 | D:13     | Found a gate to the Vaults.
 24408 | D:13     | Lost mutation: Armour fits poorly on your massive
                  | pseudopods. [Jiyva's grace]
 24408 | D:13     | Lost mutation: Armour fits poorly on your large pseudopods.
                  | [Jiyva's grace]
 24408 | D:13     | Gained mutation: You have sharp toenails. [Jiyva's grace]
 24408 | D:13     | Gained mutation: You have razor-sharp toenails. [Jiyva's
                  | grace]
 24408 | D:13     | Gained mutation: You have claws for feet. [Jiyva's grace]
 24408 | D:13     | Gained mutation: You have a pair of large horns on your
                  | head. [Jiyva's grace]
 24781 | D:14     | Noticed Jorgrun
 24782 | D:14     | Identified the +8 tower shield of the Ward {Rampage rElec
                  | Dex+4}
 24782 | D:14     | Noticed Louise
 24783 | D:14     | Noticed Azrael
 24812 | D:14     | Killed Jorgrun
 24824 | D:14     | Killed Azrael
 24833 | D:14     | Killed Louise
 25318 | D:14     | Found an ornate altar of the Wu Jian Council.
 25589 | D:15     | Entered Level 15 of the Dungeon
 26206 | D:15     | Found a staircase to the Depths.
 26432 | Vaults:1 | Entered Level 1 of the Vaults
 26454 | Vaults:1 | Lost mutation: You have sharp fingernails. [Jiyva's grace]
 26454 | Vaults:1 | Lost mutation: You have claws for feet. [Jiyva's grace]
 26454 | Vaults:1 | Lost mutation: You have razor-sharp toenails. [Jiyva's
                  | grace]
 26454 | Vaults:1 | Lost mutation: You have sharp toenails. [Jiyva's grace]
 26454 | Vaults:1 | Lost mutation: Your system is resistant to poisons. (rPois)
                  | [Jiyva's grace]
 26454 | Vaults:1 | Gained mutation: You are agile. (Dex +4, Str/Int -1)
                  | [Jiyva's grace]
 26454 | Vaults:1 | Gained mutation: You are very agile. (Dex +8, Str/Int -2)
                  | [Jiyva's grace]
 26454 | Vaults:1 | Gained mutation: Your melee attacks may engulf your foes in
                  | ooze. [Jiyva's grace]
 26454 | Vaults:1 | Gained mutation: Your spells are a little harder to cast,
                  | but a little more powerful. [Jiyva's grace]
 26472 | Vaults:1 | Reached skill level 1 in Shapeshifting
 26615 | Vaults:1 | Identified the +3 mace "Esotuif" {spect, rF- Int+4 Dex+3}
 26701 | Vaults:1 | Reached XP level 19. HP: 115/181 MP: 15/18
 26940 | Vaults:1 | Found Muerenki's Weapon Shoppe.
 27203 | Vaults:1 | Found Nesa's Assorted Antiques.
 27211 | Vaults:1 | Bought a potion of heal wounds for 155 gold pieces
 27211 | Vaults:1 | Bought a curved ivory wand for 124 gold pieces
 27396 | Vaults:2 | Found a staircase to the Crypt.
 27396 | Vaults:2 | Found an ancient bone altar of Kikubaaqudgha.
 27396 | Vaults:2 | Found a basalt altar of Yredelemnul.
 27570 | Vaults:2 | Lost mutation: You are very agile. (Dex +8, Str/Int -2)
                  | [Jiyva's grace]
 27570 | Vaults:2 | Lost mutation: Your flesh is almost immune to the effects
                  | of cold. (rC+++) [Jiyva's grace]
 27570 | Vaults:2 | Lost mutation: Your flesh is very cold resistant. (rC++)
                  | [Jiyva's grace]
 27570 | Vaults:2 | Lost mutation: Armour fits poorly on your pseudopods.
                  | [Jiyva's grace]
 27570 | Vaults:2 | Gained mutation: Your rubbery body absorbs attacks. (AC +1,
                  | EV +1) [Jiyva's grace]
 27570 | Vaults:2 | Gained mutation: Your pliable body absorbs attacks. (AC +2,
                  | EV +2) [Jiyva's grace]
 27570 | Vaults:2 | Gained mutation: Your gelatinous body deflects attacks. (AC
                  | +3, EV +3) [Jiyva's grace]
 27570 | Vaults:2 | Gained mutation: You have sharp toenails. [Jiyva's grace]
 27580 | Vaults:2 | Found Guudghoty's Weapon Shop.
 27832 | Vaults:2 | You fall into a shaft and drop 2 floors!
 27976 | Vaults:3 | Found a transporter.
 28013 | Vaults:3 | Found a transporter.
 28939 | Vaults:2 | Lost mutation: You have sharp toenails. [Jiyva's grace]
 28939 | Vaults:2 | Lost mutation: You are mostly covered in iridescent scales.
                  | (AC +4) [Jiyva's grace]
 28939 | Vaults:2 | Lost mutation: Your spells are a little harder to cast, but
                  | a little more powerful. [Jiyva's grace]
 28939 | Vaults:2 | Lost mutation: Your gelatinous body deflects attacks. (AC
                  | +3, EV +3) [Jiyva's grace]
 28939 | Vaults:2 | Lost mutation: Your melee attacks may engulf your foes in
                  | ooze. [Jiyva's grace]
 28939 | Vaults:2 | Gained mutation: You are robust. (+10% HP) [Jiyva's grace]
 28939 | Vaults:2 | Gained mutation: You are very robust. (+20% HP) [Jiyva's
                  | grace]
 28939 | Vaults:2 | Gained mutation: You are extremely robust. (+30% HP)
                  | [Jiyva's grace]
 28939 | Vaults:2 | Gained mutation: You are somewhat resistant to further
                  | mutation. [Jiyva's grace]
 30009 | Vaults:4 | Noticed Sojobo
 30013 | Vaults:4 | Paralysed by an air elemental for 1 turns
 30019 | Vaults:4 | Slimified Sojobo
 30019 | Vaults:4 | Sojobo changed into Sojobo the acid blob
 30019 | Vaults:4 | Noticed Sojobo
 30203 | Vaults:4 | Reached XP level 20. HP: 249/253 MP: 19/19
 30313 | Vaults:4 | Lost mutation: You have a pair of large horns on your head.
                  | [Jiyva's grace]
 30313 | Vaults:4 | Lost mutation: You are partially covered in iridescent
                  | scales. (AC +2) [Jiyva's grace]
 30313 | Vaults:4 | Lost mutation: You are agile. (Dex +4, Str/Int -1) [Jiyva's
                  | grace]
 30313 | Vaults:4 | Lost mutation: You are covered in slimy tendrils that may
                  | disarm your opponents. [Jiyva's grace]
 30313 | Vaults:4 | Gained mutation: You are agile. (Dex +4, Str/Int -1)
                  | [Jiyva's grace]
 30313 | Vaults:4 | Gained mutation: You are very agile. (Dex +8, Str/Int -2)
                  | [Jiyva's grace]
 30313 | Vaults:4 | Gained mutation: Your translucent skin slightly reduces
                  | your foes' accuracy. (Stealth+) [Jiyva's grace]
 30313 | Vaults:4 | Gained mutation: Your translucent skin reduces your foes'
                  | accuracy. (Stealth+) [Jiyva's grace]
 30401 | Vaults:4 | Found a runed translucent gate.
 30401 | Vaults:4 | Found a runed translucent gate.
 30415 | Vaults:4 | Found a runed translucent gate.
 30431 | Vaults:4 | Found Duwycla's Magic Scroll Boutique.
 30439 | Vaults:4 | Bought a scroll of enchant weapon for 172 gold pieces
 30507 | Vaults:4 | Identified the +7 scale mail of Kuikk {Will+}
 30589 | Vaults:4 | Paralysed by an orc sorcerer for 3 turns
 30887 | Vaults:4 | Noticed ragingrage's ghost (veteran HOFi)
 31138 | D:14     | Identified the +1 war axe of Painful Death {vamp, ^Contam
                  | rN+++ rCorr Str+2}
 31299 | D:10     | Killed mdmota's ghost
 31590 | Lair:4   | Killed Juirae's ghost
 31921 | Lair:5   | Killed Hairutzoic's ghost
 32171 | Elf:1    | Entered Level 1 of the Elven Halls
 32330 | Elf:1    | Got the Commentary on Venom
 32337 | Elf:1    | Found Iffyd's Armour Shoppe.
 32930 | Elf:2    | Found Niza's Antique Weapon Boutique.
 32959 | Elf:2    | Reached skill level 5 in Shapeshifting
 33000 | Elf:2    | Found Eppaf's Weapon Shop.
 33019 | Elf:2    | Found Giett's Distillery.
 33037 | Elf:2    | Bought a potion of heal wounds for 70 gold pieces
 33037 | Elf:2    | Bought a potion of curing for 42 gold pieces
 33037 | Elf:2    | Bought a potion of heal wounds for 70 gold pieces
 33037 | Elf:2    | Bought a potion of curing for 42 gold pieces
 33087 | Elf:2    | Found Memul's Jewellery Shoppe.
 33122 | Elf:2    | Found a runed translucent gate.
 33123 | Elf:2    | Found a runed translucent gate.
 33123 | Elf:2    | Found a runed translucent gate.
 33352 | Elf:2    | Lost mutation: You are extremely robust. (+30% HP) [Jiyva's
                  | grace]
 33352 | Elf:2    | Gained mutation: You have a pair of large horns on your
                  | head. [Jiyva's grace]
 33352 | Elf:2    | Gained mutation: Armour fits poorly on your pseudopods.
                  | [Jiyva's grace]
 33352 | Elf:2    | Gained mutation: Armour fits poorly on your large
                  | pseudopods. [Jiyva's grace]
 33352 | Elf:2    | Gained mutation: Armour fits poorly on your massive
                  | pseudopods. [Jiyva's grace]
 33526 | Elf:2    | Reached XP level 21. HP: 247/247 MP: 20/20
 33618 | Elf:3    | Entered Level 3 of the Elven Halls
 33705 | Elf:3    | Noticed Bai Suzhen
 33725 | Elf:3    | Killed Bai Suzhen
 34027 | Elf:3    | Found Virazazun's Magic Scroll Emporium.
 34058 | Elf:3    | Identified the +6 trident of Sytof {flame, Int+3 Dex+4
                  | Stlth-}
 34062 | Elf:3    | Identified the +7 dagger "Kosuez" {flame, rPois rC+ Dex+3}
 34062 | Elf:3    | Identified the +8 hand axe "Sireykh" {freeze, rC- Int+6}
 34158 | Elf:3    | Identified the +1 long sword "Firur" {flame, *Corrode Str+2
                  | Int+4}
 34194 | Elf:3    | Found the +10 tower shield of Ignorance {rN+ Int-4}
 34216 | Elf:3    | Identified the +2 orcbow of the Lonely Wishes {elec, Dex+2}
 34250 | Elf:3    | Identified the staff of Qufix {rC+ Str-4 Dex+3 Conj}
 34668 | Crypt:1  | Entered Level 1 of the Crypt
 34898 | Crypt:1  | Reached skill level 1 in Maces & Flails
 35336 | Crypt:1  | Lost mutation: You are very robust. (+20% HP) [Jiyva's
                  | grace]
 35336 | Crypt:1  | Lost mutation: Your pliable body absorbs attacks. (AC +2,
                  | EV +2) [Jiyva's grace]
 35336 | Crypt:1  | Lost mutation: Your translucent skin reduces your foes'
                  | accuracy. (Stealth+) [Jiyva's grace]
 35336 | Crypt:1  | Lost mutation: Your translucent skin slightly reduces your
                  | foes' accuracy. (Stealth+) [Jiyva's grace]
 35336 | Crypt:1  | Lost mutation: You expend magic power (3 MP) to strengthen
                  | your wands. [Jiyva's grace]
 35336 | Crypt:1  | Gained mutation: Your flesh is very cold resistant. (rC++)
                  | [Jiyva's grace]
 35336 | Crypt:1  | Gained mutation: Your flesh is almost immune to the effects
                  | of cold. (rC+++) [Jiyva's grace]
 35336 | Crypt:1  | Gained mutation: Your pliable body absorbs attacks. (AC +2,
                  | EV +2) [Jiyva's grace]
 35336 | Crypt:1  | Gained mutation: Your gelatinous body deflects attacks. (AC
                  | +3, EV +3) [Jiyva's grace]
 35995 | Crypt:2  | Identified the +0 great mace "Cisek" {antimagic, Int+2}
 36067 | Crypt:2  | Got the Parchment of Transformed Convocation
 36174 | Crypt:2  | Reached skill level 5 in Maces & Flails
 36399 | Crypt:3  | Entered Level 3 of the Crypt
 36636 | Crypt:3  | Reached XP level 22. HP: 238/238 MP: 21/21
 36719 | Crypt:3  | Noticed a curse toe
 36733 | Crypt:3  | Killed a curse toe
 36899 | Crypt:3  | Got the Folio of Darkness
 36954 | Crypt:3  | Found a staircase to the Tomb.
 37159 | Crypt:3  | Noticed a dread lich
 37168 | Crypt:3  | Killed a dread lich
 37443 | Crypt:3  | Lost mutation: Your flesh is almost immune to the effects
                  | of cold. (rC+++) [Jiyva's grace]
 37443 | Crypt:3  | Lost mutation: You are somewhat resistant to further
                  | mutation. [Jiyva's grace]
 37443 | Crypt:3  | Gained mutation: You have a small jelly attached to you
                  | that may absorb projectiles. [Jiyva's grace]
 37443 | Crypt:3  | Gained mutation: Your muscles are strong. (Str +4, Int/Dex
                  | -1) [Jiyva's grace]
 37443 | Crypt:3  | Gained mutation: Your muscles are very strong. (Str +8,
                  | Int/Dex -2) [Jiyva's grace]
 37443 | Crypt:3  | Gained mutation: Your flesh is almost immune to the effects
                  | of cold. (rC+++) [Jiyva's grace]
 37836 | Depths:1 | Entered Level 1 of the Depths
 38015 | Depths:1 | Found a gateway to Hell.
 38043 | Depths:1 | Found a one-way gate leading to the halls of Pandemonium.
 38303 | Depths:1 | You fall into a shaft and drop 1 floor!
 38646 | Depths:2 | Found a runed translucent gate.
 38647 | Depths:2 | Found a runed translucent gate.
 38649 | Depths:2 | Found a runed translucent gate.
 38649 | Depths:2 | Noticed Qiwept's ghost (veteran BaIE)
 38720 | Depths:2 | Found an ancient bone altar of Kikubaaqudgha.
 39169 | Depths:2 | Noticed a caustic shrike
 39174 | Depths:2 | Killed a caustic shrike
 39178 | Depths:2 | Noticed a caustic shrike
 39185 | Depths:2 | Killed a caustic shrike
 39329 | Depths:2 | Reached skill level 10 in Maces & Flails
 39351 | Depths:2 | Reached XP level 23. HP: 222/249 MP: 22/22
 39440 | Depths:2 | Noticed a caustic shrike
 39440 | Depths:2 | Noticed a caustic shrike
 39440 | Depths:2 | Noticed a caustic shrike
 39447 | Depths:2 | Killed a caustic shrike
 39456 | Depths:2 | Killed a caustic shrike
 39456 | Depths:2 | Killed a caustic shrike
 39916 | Depths:3 | Found a one-way gateway to a ziggurat.
 40046 | Depths:3 | Got the +3 demon whip of Descent {flame, rC+ Str+3}
 40100 | Depths:3 | Lost mutation: You have a pair of large horns on your head.
                  | [Jiyva's grace]
 40100 | Depths:3 | Lost mutation: You are very agile. (Dex +8, Str/Int -2)
                  | [Jiyva's grace]
 40100 | Depths:3 | Lost mutation: You are agile. (Dex +4, Str/Int -1) [Jiyva's
                  | grace]
 40100 | Depths:3 | Lost mutation: Your muscles are very strong. (Str +8,
                  | Int/Dex -2) [Jiyva's grace]
 40100 | Depths:3 | Gained mutation: Your flesh is heat resistant. (rF+)
                  | [Jiyva's grace]
 40100 | Depths:3 | Gained mutation: Your flesh is very heat resistant. (rF++)
                  | [Jiyva's grace]
 40100 | Depths:3 | Gained mutation: Your flesh is almost immune to the effects
                  | of heat. (rF+++) [Jiyva's grace]
 40100 | Depths:3 | Gained mutation: You are partially covered in iridescent
                  | scales. (AC +2) [Jiyva's grace]
 40104 | Depths:3 | Identified the +4 ring mail "Datah" {rElec}
 40413 | Depths:3 | Found a blossoming altar of Fedhas.
 40525 | Depths:4 | Entered Level 4 of the Depths
 40916 | Depths:4 | Found a gate to the Realm of Zot.
 40962 | Depths:4 | Got a midnight gem with 216 turns to spare
 41194 | Zot:1    | Entered Level 1 of the Realm of Zot
 41321 | Zot:1    | Noticed an orb of fire
 41329 | Zot:1    | Killed an orb of fire
 41381 | Zot:1    | Reached XP level 24. HP: 264/264 MP: 22/22
 41530 | Zot:1    | Lost mutation: Your flesh is almost immune to the effects
                  | of cold. (rC+++) [Jiyva's grace]
 41530 | Zot:1    | Lost mutation: Your gelatinous body deflects attacks. (AC
                  | +3, EV +3) [Jiyva's grace]
 41530 | Zot:1    | Lost mutation: You have a small jelly attached to you that
                  | may absorb projectiles. [Jiyva's grace]
 41530 | Zot:1    | Gained mutation: Your melee attacks may engulf your foes in
                  | ooze. [Jiyva's grace]
 41530 | Zot:1    | Gained mutation: You are mostly covered in iridescent
                  | scales. (AC +4) [Jiyva's grace]
 41530 | Zot:1    | Gained mutation: You are completely covered in iridescent
                  | scales. (AC +6) [Jiyva's grace]
 41530 | Zot:1    | Gained mutation: You have acidic saliva. [Jiyva's grace]
 41613 | Zot:1    | Noticed Parghit
 41641 | Zot:1    | Killed Parghit
 42177 | Zot:2    | Identified the +8 plate armour of the End {Regen+ Str+3
                  | Dex+2}
 42976 | Zot:3    | Lost mutation: Your flesh is almost immune to the effects
                  | of heat. (rF+++) [Jiyva's grace]
 42976 | Zot:3    | Lost mutation: Your flesh is very heat resistant. (rF++)
                  | [Jiyva's grace]
 42976 | Zot:3    | Lost mutation: You have acidic saliva. [Jiyva's grace]
 42976 | Zot:3    | Lost mutation: Your melee attacks may engulf your foes in
                  | ooze. [Jiyva's grace]
 42976 | Zot:3    | Gained mutation: You have sharp toenails. [Jiyva's grace]
 42976 | Zot:3    | Gained mutation: You have razor-sharp toenails. [Jiyva's
                  | grace]
 42976 | Zot:3    | Gained mutation: You have claws for feet. [Jiyva's grace]
 42976 | Zot:3    | Gained mutation: You have a small jelly attached to you
                  | that senses nearby items. [Jiyva's grace]
 43115 | Zot:3    | Noticed an orb of fire
 43124 | Zot:3    | Killed an orb of fire
 43343 | Zot:3    | Reached skill level 10 in Shapeshifting
 44375 | Zot:5    | Entered Level 5 of the Realm of Zot
 44952 | Zot:5    | Reached XP level 25. HP: 278/278 MP: 22/22
 44976 | Zot:5    | Noticed an ancient lich
 45028 | Zot:5    | Noticed an orb of fire
 45029 | Zot:5    | Noticed an orb of fire
 45029 | Zot:5    | Noticed a Killer Klown
 45030 | Zot:5    | Gained mutation: You sometimes lose your temper in combat.
                  | [an orb of fire]
 45037 | Zot:5    | Gained mutation: You are dopey. (Int -2) [an orb of fire]
 45039 | Zot:5    | Killed a Killer Klown
 45040 | Zot:5    | Gained mutation: Armour fits poorly on your strangely
                  | shaped body. [an orb of fire]
 45043 | Zot:5    | Killed an orb of fire
 45044 | Zot:5    | Noticed an ancient lich
 45046 | Zot:5    | Gained mutation: You are very dopey. (Int -4) [an orb of
                  | fire]
 45052 | Zot:5    | Gained mutation: Your spells are a little easier to cast,
                  | but a little less powerful. [an orb of fire]
 45055 | Zot:5    | Killed an ancient lich
 45056 | Zot:5    | Gained mutation: Your magical capacity is low. (-10% MP)
                  | [an orb of fire]
 45057 | Zot:5    | Noticed a Killer Klown
 45062 | Zot:5    | Killed an orb of fire
 45063 | Zot:5    | Noticed an ancient lich
 45078 | Zot:5    | Killed an ancient lich
 45112 | Zot:5    | Killed a Killer Klown
 45206 | Zot:5    | Lost mutation: You have a small jelly attached to you that
                  | senses nearby items. [mutagenic glow]
 45225 | Zot:5    | Noticed a Killer Klown
 45226 | Zot:5    | Lost mutation: You are very dopey. (Int -4) [Jiyva's grace]
 45226 | Zot:5    | Lost mutation: You are robust. (+10% HP) [Jiyva's grace]
 45226 | Zot:5    | Lost mutation: Your pliable body absorbs attacks. (AC +2,
                  | EV +2) [Jiyva's grace]
 45226 | Zot:5    | Lost mutation: Armour fits poorly on your massive
                  | pseudopods. [Jiyva's grace]
 45226 | Zot:5    | Lost mutation: Armour fits poorly on your large pseudopods.
                  | [Jiyva's grace]
 45226 | Zot:5    | Lost mutation: Armour fits poorly on your pseudopods.
                  | [Jiyva's grace]
 45226 | Zot:5    | Gained mutation: Your pliable body absorbs attacks. (AC +2,
                  | EV +2) [Jiyva's grace]
 45226 | Zot:5    | Gained mutation: Your gelatinous body deflects attacks. (AC
                  | +3, EV +3) [Jiyva's grace]
 45226 | Zot:5    | Gained mutation: You have hidden genetic potential.
                  | [Jiyva's grace]
 45226 | Zot:5    | Gained mutation: You have great hidden genetic potential.
                  | [Jiyva's grace]
 45226 | Zot:5    | Lost mutation: You have great hidden genetic potential.
                  | [mutagenic glow]
 45227 | Zot:5    | Noticed a dread lich
 45236 | Zot:5    | Killed a dread lich
 45243 | Zot:5    | Killed a Killer Klown
 45245 | Zot:5    | Reached skill level 27 in Fighting
 45249 | Zot:5    | Noticed an orb of fire
 45249 | Zot:5    | Noticed a Killer Klown
 45256 | Zot:5    | Gained mutation: You are frail. (-10% HP) [mutagenic glow]
 45264 | Zot:5    | Lost intelligence.
 45264 | Zot:5    | Gained mutation: You are very dopey. (Int -4) [an orb of
                  | fire]
 45265 | Zot:5    | Noticed an orb of fire
 45267 | Zot:5    | Noticed a dread lich
 45267 | Zot:5    | Noticed an ancient lich
 45267 | Zot:5    | Noticed a Killer Klown
 45267 | Zot:5    | Gained mutation: Your body sometimes deteriorates upon
                  | taking damage. [an orb of fire]
 45273 | Zot:5    | Killed an orb of fire
 45273 | Zot:5    | Gained mutation: You occasionally lose the ability to drink
                  | potions when taking damage. [an orb of fire]
 45284 | Zot:5    | Gained mutation: You occasionally lose the ability to read
                  | scrolls when taking damage. [an orb of fire]
 45285 | Zot:5    | Killed a Killer Klown
 45285 | Zot:5    | Gained mutation: You are very frail. (-20% HP) [an orb of
                  | fire]
 45287 | Zot:5    | Killed an orb of fire
 45298 | Zot:5    | Killed an ancient lich
 45306 | Zot:5    | Paralysed by something for 3 turns
 45308 | Zot:5    | Killed a dread lich
 45316 | Zot:5    | Reached skill level 27 in Shields
 45324 | Zot:5    | Killed an ancient lich
 45329 | Zot:5    | Killed a Killer Klown
 45471 | Zot:5    | Got the Orb of Zot
 45576 | Zot:5    | Noticed an orb of fire
 45698 | Depths:4 | Noticed Hyteukko the pandemonium lord
 45782 | Depths:2 | Killed Hyteukko the pandemonium lord
 46141 | D:1      | Noticed Issiygaso the pandemonium lord
 46168 | D:1      | Killed Issiygaso the pandemonium lord
 46193 | D:$      | Escaped with the Orb!

Illustrated notes

Levels and vault maps discovered:
D:1:      dpeg_arrival_pond, layout_loops_cross, serial_shops,
          nicolae_shop_tiny_real_fake_doors, chequers_serial_rivers_room_a
D:2:      layout_rooms, minivault_23, uniq_robin, uniq_natasha
D:3:      layout_rooms, lemuel_doored_altar, small_statue_intersection
D:4:      layout_basic, nicolae_overflow_hidden_temple, portal_sewer_entry_c,
          roderic_serpentine_path, hangedman_glass_teeth, uniq_eustachio,
          uniq_duvessa, uniq_menkaure
D:5:      layout_basic, minmay_temple_entry_wispy, uniq_crazy_yiuf_cottage
D:6:      dreamdust_elfheim, layout_rooms, xom_teletrap_fun, old_standard_altar,
          hangedman_minor_gate_pass, uniq_prince_ribbit1, uniq_maggie
D:7:      layout_loops_cross
D:8:      nicolae_moon_pools, layout_cave_pools, lair_entry_dummy, uniq_grum,
          uniq_gastronok
D:9:      layout_big_octagon, serial_gnoll_camp, gnoll_camp_medium_01,
          gnoll_camp_mini_house, gnoll_camp_mini_house, gnoll_camp_medium_02
D:10:     layout_cave_pools, gammafunk_ghost_abyssal_escape, uniq_harold
D:11:     layout_cave_pools, uniq_amaemon
D:12:     layout_basic, erik_orc_3
D:13:     nooodl_glass_maze, layout_loops_corners, grunt_vaults_entry_fortified,
          uniq_urug
D:14:     layout_roguey, nicolae_wu_jian_immortal_techniques, minivault_15,
          minmay_misc_feat_nine_boxes, uniq_louise, uniq_jorgrun, uniq_azrael
D:15:     hangedman_depths_entry_try_elsewhere_first, layout_long_grid,
          chequers_avenue
Temple:   bh_familiar_temple
Lair:1:   gammafunk_boulding_lane, layout_loops_ring
Lair:2:   lemuel_ratsnest, layout_cave_pods, st_stairs_13, serial_bayou_shore_b,
          serial_bayou_shore_a, grunt_megastairs_5
Lair:3:   gammafunk_mikee_crab_dinner, layout_regular_city,
          nicolae_shoals_entry_roost, nicolae_spider_entry_lesser_pyramids,
          lemuel_fruit_tree, infiniplex_staircase_pool
Lair:4:   layout_loops_ring, ebering_ghost_xom, serial_bayou_pond_d,
          st_stairs_5, minmay_lair_oklob_items, kennysheep_rathole
Lair:5:   minmay_lair_end_enchanted_forest, layout_cave_pods,
          minmay_slime_entry_jelly_boxes, ebering_ghost_rock_garden
Shoals:1: layout_shoals, serial_shops, shop, lightli_airlock
Shoals:2: layout_shoals, uniq_ilsuiw, uniq_frances
Shoals:3: argonaut_golden_fleece, layout_shoals,
          gammafunk_ghost_berserking_beasts, nicolae_shoals_undead_eyrie
Shoals:4: shoals_end_hellmonk_storm_palace [storm_palace_center_ruins,
          storm_palace_corner_pillars, storm_palace_corner_narrow,
          storm_palace_corner_altar, storm_palace_corner_grid]
Spider:1: layout_cave_pods
Spider:2: layout_cave_pods, uniq_agnes, uniq_arachne, uniq_mlioglotl
Spider:3: layout_chambers, nicolae_spider_not_touching_you
Spider:4: grunt_spider_rune_circles, uniq_aizul, uniq_donald
Slime:1:  layout_caves
Slime:2:  layout_caves
Slime:3:  layout_caves, nicolae_slime_rock_hall_of_fame
Slime:4:  layout_caves
Slime:5:  slime_pit_nicolae_trefoil
Orc:1:    layout_caves, basic_altar
Orc:2:    grunt_orc_community_town_hall, layout_caves,
          grunt_orc_community_big_house_2, grunt_orc_community_big_house_1,
          grunt_orc_community_house_3, grunt_orc_community_house_1,
          grunt_orc_community_house_3, grunt_orc_community_house_3,
          grunt_orc_community_house_2, hangedman_feature_mirror,
          elves_outpost_lemuel
Elf:1:    eino_elf_arrival_shootout, layout_gridlike, serial_shops,
          nicolae_shop_trees, nicolae_elf_shapeshifter_party, abandoned_shop
Elf:2:    nicolae_elf_blades_crystal_corner, layout_geoelf_octagon,
          serial_shops, shop, nicolae_square_shop, nicolae_shop_rolling_square,
          nicolae_shop_gaudy_bauble, drop_trap
Elf:3:    grunt_elf_hall_asides, layout_loops_ring, serial_shops,
          nicolae_shop_behind_doors, uniq_bai_suzhen
Vaults:1: st_octagons_2, hangedman_vaults_restitches, v_misc_16,
          ontoclasm_vaults_twist, v_misc_30, nicolae_vaults_double_plus_1,
          nicolae_vaults_storage_room_water, ontoclasm_vaults_loading_screen,
          nicolae_vaults_closet_pinwheel_1,
          nicolae_vaults_offset_grid_hallway_3, nicolae_vaults_angled_halls,
          ontoclasm_vaults_gateway, nicolae_vaults_little_squares_3,
          layout_vaults_maze_snakey, serial_shops,
          nicolae_shop_tiny_real_fake_doors, nicolae_shop_trees
Vaults:2: mu_enter_wizlab_1, v_misc_5, minmay_crypt_entry_necro_gods,
          hangedman_vaults_river_flow, vaults_room_grunt_arrival_checkpoint,
          nicolae_vaults_closet_pinwheel_4, vaults_dpeg_doors,
          vaults_room_semicircle, nicolae_vaults_cochlea,
          nicolae_vaults_three_branches, st_more_cells,
          nicolae_vaults_border_crossing, nicolae_vaults_house_1, serial_ice_b,
          layout_vaults_chaotic_city, serial_shops,
          nicolae_shop_just_a_little_nook, uniq_margery
Vaults:3: nicolae_vaults_stepped_doors, vaults_dpeg_ring,
          hangedman_vaults_stream, nicolae_vaults_offset_grid_hallway_4,
          nicolae_vaults_closet_pinwheel_5, nicolae_vaults_tangram_1,
          gammafunk_its_a_trap, nicolae_vaults_wrenched,
          ontoclasm_vaults_shuriken, nicolae_vaults_theta,
          nicolae_vaults_tetromino_L_1, layout_vaults_omnigrid
Vaults:4: gammafunk_ghost_necromancy, v_misc_12, nicolae_vaults_house_1,
          nooodl_orcs_dogs, ontoclasm_vaults_decontamination,
          vaults_room_semicircle, v_misc_28,
          nicolae_vaults_offset_grid_hallway_1, nicolae_vaults_mitosis,
          ontoclasm_vaults_ring_square, nicolae_vaults_cochlea,
          nicolae_vaults_double_plus_1, nicolae_vaults_trapezoid_2,
          nicolae_vaults_diagonal_hallway_9, layout_vaults_omnibox,
          serial_shops, nicolae_square_shop, uniq_sojobo
Crypt:1:  layout_gridlike, serial_library_hellmonk_octagon,
          grunt_crypt_arrival_guarded_gate
Crypt:2:  layout_chaotic_city, grunt_ministairs_13, nicolae_crypt_wrong_turn
Crypt:3:  due_elkab, layout_chaotic_city, nicolae_crypt_paired_memorials
Depths:1: cheibrodos_cascadia, layout_cave_shapes, minmay_strange_pillars,
          rand_demon_pan_entry_3, pf_hell_entry_tar_river,
          kennysheep_crisscross, kennysheep_generic_room_2, serial_bayou_shore_b
Depths:2: evilmike_negative_zone, layout_gridlike, grunt_metal_band,
          gammafunk_ghost_tricky_traps, minmay_misc_feat_encased, abyss_entry,
          serial_rivers, chequers_serial_rivers_small_3,
          chequers_serial_rivers_micro_a, chequers_serial_rivers_micro_a,
          chequers_serial_rivers_micro_d, chequers_serial_rivers_micro_c,
          rand_demon_pan_entry_8
Depths:3: minmay_firetagon, layout_cave_pools, enter_ziggurat_e,
          pf_dread_powers_of_hell, fedhas_altar_fruit_tree,
          abyss_entry_small_statue_room, serial_sigils_hangedman_snap,
          minmay_staircase_statues
Depths:4: grunt_zot_entry_tricorne, layout_cave_shapes,
          hangedman_decor_peaks_small, rand_demon_pan_entry_5, hell_entry
Zot:1:    layout_basic, hangedman_elemental_corridor, uniq_parghit
Zot:2:    kennysheep_room_grid, layout_onion,
          regret_index_zotdec_barnacled_simple
Zot:3:    layout_twisted_circle, uniq_grunn
Zot:4:    layout_misc_corridors
Zot:5:    layout_gridville

Skill      XL: |  1  2  3  4  5  6  7  8  9 10 11 12 13 14 15 16 17 18 19 20 21 22 23 24 25 |
---------------+----------------------------------------------------------------------------+-----
Armour         | 4 5 6 7 8 10 11 12 13 14 15 16 17 18 19 | 19.0
Fighting       | 4 5 6 7 8 9 10 11 13 14 15 16 17 18 20 21 22 23 24 26 27 | 27.0
Shields        | 4 5 6 7 8 9 10 11 12 14 16 18 19 20 21 22 23 24 26 27 | 27.0
Axes           | 3 4 5 6 8 10 11 12 13 15 16 17 18 19 20 21 22 23 | 23.9
Dodging        | 1 2 3 4 5 6 7 8 9 10 11 12 13 | 13.5
Evocations     | 1 3 4 5 6 7 8 9 10 11 12 13 | 13.8
Stealth        | 1 2 3 4 |  4.3
Shapeshifting  | 2 3 5 6 8 9 10 11 | 11.6
Maces & Flails | 5 10 11 | 11.3
Unarmed Combat | |  0.4

Action                     |  1- 3 |  4- 6 |  7- 9 | 10-12 | 13-15 | 16-18 | 19-21 | 22-24 | 25-27 || total
---------------------------+-------+-------+-------+-------+-------+-------+-------+-------+-------++-------
  Melee: War axe           |    76 |   104 |   236 |   355 |       |       |       |       |       ||   771
         Headbutt          |    12 |    15 |    43 |   118 |   245 |   366 |   511 |   528 |    94 ||  1932
         Spear             |       |       |       |     2 |       |       |       |       |       ||     2
         Unarmed           |       |       |       |     5 |       |       |       |       |       ||     5
         Broad axe         |       |       |       |    93 |   881 |  1473 |  1135 |  1007 |   284 ||  4873
         Pseudopods        |       |       |       |       |   205 |   322 |   227 |   467 |    31 ||  1252
         Kick              |       |       |       |       |       |    92 |    78 |   115 |   134 ||   419
         Morningstar       |       |       |       |       |       |       |   421 |   415 |    72 ||   908
         Bite              |       |       |       |       |       |       |       |    37 |       ||    37
  Throw: Boomerang         |       |       |       |       |       |     3 |       |       |       ||     3
 Invoke: Slimify           |       |       |       |     1 |       |       |     1 |       |       ||     2
  Evoke: Wand              |       |     1 |       |       |    15 |    10 |       |       |     1 ||    27
         Sack of spiders   |       |       |       |       |       |     1 |       |       |       ||     1
         Lightning rod     |       |       |       |       |       |     1 |       |     2 |       ||     3
         Condenser vane    |       |       |       |       |       |     1 |       |     1 |       ||     2
    Use: Scroll            |       |    10 |     2 |     3 |     1 |     8 |    11 |     7 |     2 ||    44
         Potion            |       |       |     2 |     5 |     1 |    13 |     1 |       |     3 ||    25
   Stab: Confused          |       |       |       |    16 |    11 |       |       |       |       ||    27
         Invisible         |       |       |       |       |       |     6 |       |       |       ||     6
         Distracted        |       |       |       |       |       |       |       |     1 |       ||     1
 Armour: Scale mail        |    52 |    99 |   182 |       |       |       |       |       |       ||   333
         Chain mail        |       |       |    39 |   297 |       |       |       |       |       ||   336
         Plate armour      |       |       |       |    52 |   563 |   994 |   413 |   320 |       ||  2342
         Gold dragon scale |       |       |       |       |       |       |       |   240 |   159 ||   399
  Dodge: Dodged            |    27 |    61 |   125 |   260 |   338 |   589 |   355 |   351 |    86 ||  2192
  Block: Buckler           |    18 |    22 |    75 |   155 |   126 |       |       |       |       ||   396
         Tower shield      |       |       |       |       |   663 |   301 |  1775 |  1729 |   416 ||  4884
         Kite shield       |       |       |       |       |    25 |   990 |       |       |       ||  1015
         Reflection        |       |       |       |       |       |    71 |       |       |       ||    71
